 Dungeon Crawl Stone Soup version 0.24.0-7-gb3623d2c88 (webtiles) character file.

Game seed: 6220092986319104972, levelgen mode: deterministic

384 Aviak the Charmwright (level 6, 0/52 HPs)
             Began as a Draconian Skald on Nov 2, 2019.
             Slain by a hound (5 damage)
             ... on level 4 of the Dungeon.
             The game lasted 00:04:31 (3080 turns).

Aviak the Charmwright (Draconian Skald)             Turns: 3080, Time: 00:04:31

Health: 0/52       AC:  6    Str: 14    XL:     6   Next: 47%
Magic:  7/10       EV: 13    Int: 13    God:
Gold:   166        SH:  0    Dex: 12    Spells: 6/11 levels left

rFire    . . .     SeeInvis .   r - +0 trident
rCold    . . .     Gourm    .   (no shield)
rNeg     . . .     Faith    .   (armour unavailable)
rPois    .         Spirit   .   (helmet restricted)
rElec    .         Reflect  .   (no cloak)
rCorr    .         Harm     .   (no gloves)
MR       .....                  (no boots)
Stlth    +.........             (no amulet)
HPRegen  0.17/turn              (no ring)
MPRegen  0.12/turn              (no ring)

@: infused (expiring)
A: unfitting armour, cold-blooded, AC +6
a: no special abilities


You were on level 4 of the Dungeon.
You were not hungry.

You visited 1 branch of the dungeon, and saw 4 of its levels.

You collected 166 gold pieces.

Inventory:

Hand Weapons
 a - a +0 spear
 r - a +0 trident (weapon)
Jewellery
 d - a +3 ring of intelligence {unknown}
Scrolls
 f - 2 scrolls of fog {unknown}
 g - a scroll of amnesia {unknown}
 h - 2 scrolls of enchant armour {unknown}
 i - 6 scrolls of remove curse {unknown}
 j - 4 scrolls of identify {unknown}
 k - a scroll of magic mapping {unknown}
 n - 2 scrolls of teleportation {unknown}
 o - a scroll of enchant weapon {unknown}
Potions
 b - a potion of magic
 e - a potion of curing {unknown}
 l - a potion of flight {unknown}
 m - a potion of ambrosia {unknown}
 p - a potion of mutation {unknown}
 q - 2 potions of cancellation {unknown}
Comestibles
 c - 7 rations
 s - 4 chunks of flesh


   Skills:
 + Level 3.7 Fighting
 + Level 3.5 Polearms
 + Level 3.4 Dodging
 + Level 3.3 Spellcasting
 + Level 3.8 Charms


You had 6 spell levels left.
You knew the following spells:

 Your Spells              Type           Power        Failure   Level  Hunger
a - Infusion              Chrm           ##..         4%          1    #......
b - Song of Slaying       Chrm           ##......     7%          2    ##.....
c - Shroud of Golubria    Chrm/Tloc      #.....       16%         2    ##.....

Your spell library contained the following spells:

 Spells                   Type           Power        Failure   Level  Hunger
 Regeneration             Chrm/Necr      #.........   30%         3    ###....
 Spectral Weapon          Hex/Chrm       #.......     30%         3    ###....


Dungeon Overview and Level Annotations

Branches:
Dungeon (4/15)
 Temple: D:4-7

Altars:


Innate Abilities, Weirdness & Mutations

Your plain brown scales are hard. (AC +6)
You cannot fit into any form of body armour.
You are cold-blooded and may be slowed by cold attacks.


Message History

You feel sick. The hound bites you.
* * * LOW HITPOINT WARNING * * *
The hound bites you.
* * * LOW HITPOINT WARNING * * *
Unknown command.
You closely miss the hound.
Your tail-slap misses the hound.
The hound is heavily wounded.
Your magical infusion is running out.
The hound misses you. The hound bites you but does no damage.
Unknown command.
You closely miss the hound.
The hound is heavily wounded.
The hound closely misses you.
Unknown command.
You hit the hound.
The hound is almost dead.
You feel sick.
You are no longer poisoned.
The hound bites you.
You die...

.# #.# #.# ##+## #.# ##
##...## #.# .h
##.....########.#### #.#.
##.......#...........
#....####..........###))...##
#.......'...@........[...<...
#....####...h......###†......
#.#. ##.......#.##......## #
##.....##.##.#.#.##
###############.# ..# ###


You could see a hound.

Vanquished Creatures
  An ogre (D:3)
  A bullfrog (D:3)
  An orc wizard (D:4)
  2 worker ants (D:4)
  4 gnolls
  2 adders
  An ooze (D:2)
  6 worms
  2 dart slugs
  A leopard gecko (D:3)
  4 orcs
  2 ball pythons
  7 bats
  5 giant cockroaches
  12 goblins
  4 hobgoblins
  3 jackals (D:1)
  8 kobolds
  4 quokkas
  3 frilled lizards
  6 rats
79 creatures vanquished.

Vanquished Creatures (others)
  4 toadstools (D:1)
4 creatures vanquished.

Grand Total: 83 creatures vanquished

Notes
Turn   | Place    | Note
-------+----------+-------------------------------------------
     0 | D:1      | Aviak the Draconian Skald began the quest for the Orb.
     0 | D:1      | Reached XP level 1. HP: 17/17 MP: 3/3
    70 | D:1      | Reached XP level 2. HP: 18/25 MP: 1/5
   531 | D:2      | Reached XP level 3. HP: 23/30 MP: 0/6
   775 | D:2      | Learned a level 2 spell: Song of Slaying
   778 | D:2      | Learned a level 2 spell: Shroud of Golubria
  1212 | D:1      | Reached XP level 4. HP: 3/37 MP: 2/7
  2103 | D:3      | Noticed a bullfrog
  2113 | D:3      | Killed a bullfrog
  2113 | D:3      | Reached XP level 5. HP: 40/45 MP: 6/9
  2155 | D:3      | Noticed an ogre
  2177 | D:3      | Killed an ogre
  2177 | D:3      | Reached XP level 6. HP: 18/51 MP: 0/10
  3080 | D:4      | Slain by a hound

Levels and vault maps discovered:
D:1:      ldierk_walled_garden_2, layout_rooms
D:2:      layout_basic, minmay_misc_feat_four_crosses, moated_statue
D:3:      minmay_spotlight, layout_basic, minmay_ogre_servants
D:4:      layout_loops_corners, serial_shops, shop, minmay_misc_feat_rugged,
          uniq_grinder

Skill      XL: |  1  2  3  4  5 |
---------------+----------------+-----
Charms         | 3 |  3.8
Fighting       | 3 |  3.7
Polearms       | 3 |  3.5
Dodging        | 3 |  3.4
Spellcasting   | 3 |  3.3

Action                   |  1- 3 |  4- 6 || total
-------------------------+-------+-------++-------
Melee: Spear             |   131 |   159 ||   290
       Tailslap          |    15 |    21 ||    36
       Trident           |       |    19 ||    19
 Cast: Infusion          |     9 |     5 ||    14
       Shroud of Golubri |     2 |     4 ||     6
       Song of Slaying   |       |     3 ||     3
  Use: Potion            |     1 |       ||     1
  Eat: Chunk             |       |     8 ||     8
Armor: Skin              |    26 |    34 ||    60
Dodge: Dodged            |    86 |   112 ||   198
